 Dungeon Crawl Stone Soup version 0.31.0-11-ge490571c62 (webtiles) character file.

Game seed: 12164300860932109336

74 qw the Shooter (level 4, -1/25 HPs)
             Began as a Deep Elf Hunter on Feb 4, 2024.
             Slain by Ijyb
             ... wielding a +0 club
              (5 damage)
             ... on level 3 of the Dungeon.
             The game lasted 00:00:11 (1684 turns).

qw the Shooter (Deep Elf Hunter)                    Turns: 1684, Time: 00:00:11

Health: -1/25      AC:  9    Str: 10    XL:     4   Next: 10%
Magic:  6/6        EV: 11    Int: 14    God:
Gold:   61         SH:  0    Dex: 16    Spells: 3/3 levels left

rFire   . . .        a - +0 shortbow
rCold   + . .        (shield currently unavailable)
rNeg    + . .        f - +1 ring mail
rPois   +            (no helmet)
rElec   .            (no cloak)
rCorr   .            (no gloves)
SInv    .            d - +2 pair of boots of the Six Demons {Fly rPois rN+ Dex-2}
Will    .....        (no amulet)
Stlth   +            e - ring of protection from cold
HPRegen 0.24/turn    (no ring)
MPRegen 0.10/turn

%: no passive effects
@: about to teleport, flying
A: no striking features
a: no special abilities


You were on level 3 of the Dungeon.
You visited 1 branch of the dungeon, and saw 3 of its levels.

You collected 105 gold pieces.
You spent 44 gold pieces at shops.


   Skills:
 - Level 1.5 Fighting
 + Level 7.5 Ranged Weapons
 - Level 2.4 Dodging
 - Level 1.2 Stealth


You had 3 spell levels left.
You didn't know any spells.
Your spell library was empty.

Inventory:

Hand Weapons
 a - a +0 shortbow (weapon)
Armour
 c - a +0 pair of boots
 d - the +2 pair of boots of the Six Demons (worn) {Fly rPois rN+ Dex-2}
   (You found it on level 2 of the Dungeon)

   Dex-2:     It affects your dexterity (-2).
   rPois:     It protects you from poison rN+: It protects you from negative
   energy.
   Fly:       It grants you flight.
 f - a +1 ring mail (worn)
Jewellery
 e - a ring of protection from cold (left hand)
Scrolls
 k - a scroll of brand weapon {unknown}
Potions
 b - a potion of might {unknown}
 g - a potion of brilliance {unknown}
 l - a potion of enlightenment {unknown}
 m - 2 potions of cancellation {unknown}

Dungeon Overview and Level Annotations

Branches:
Dungeon (3/15)

Altars:

Shops:
D:1 ?

Annotations:
D:3 Ijyb


Message History

You feel less confused.
Ijyb zaps a wand.
You resist with some effort.
You shoot an arrow. The arrow hits Ijyb but does no damage.
Ijyb is almost dead.
Ijyb closely misses you.
You shoot an arrow. The arrow hits Ijyb.
Ijyb is almost dead.
Ijyb screams, "Level is mine!
All mine!"
Ijyb zaps a wand.
Your will is overpowered!
You are confused.
Ijyb barely misses you. Ijyb hits you but does no damage.
Ijyb zaps a wand.
Your will is overpowered!
You are more confused.
Ijyb zaps a wand.
You resist with some effort. Ijyb closely misses you. Ijyb barely misses you.
Ijyb barely misses you. Ijyb barely misses you. Ijyb hits you with a +0 club.
Ijyb hits you with a +0 club. Ijyb barely misses you.
You feel less confused.
Ijyb zaps a wand.
Your will is overpowered!
You are confused.
Ijyb zaps a wand.
You resist with some effort. Ijyb closely misses you.
Ijyb hits you with a +0 club. Ijyb hits you with a +0 club.
Ijyb zaps a wand.
You resist with some effort.
You feel less confused.
Ijyb zaps a wand.
You resist with some effort.
1683 ||| READING scroll of teleportation.
As you read the scroll of teleportation, it crumbles to dust.
You feel strangely unstable. Ijyb hits you but does no damage.
You shoot an arrow. The arrow hits Ijyb but does no damage.
Ijyb is almost dead.
Ijyb hits you with a +0 club.
You die...

##)#.## #.# #. ##.## #.#
#. ########.#####.####.
......%...#.........
########..#.#######.
####..#.# ####. .
#.....#.###...##
....####>#.#..........#
......g@###.........###
.#######.#.####......###
##>## #.)....... #.#
##.....### #.# ##...###
#.# #.....# #.# #.###.##
#.# ...# #... #.#
###.###.#)


You could see Ijyb.

Vanquished Creatures
  2 dart slugs (D:1)
  2 ribbon worms (D:3)
  5 orcs (D:3)
  4 ball pythons
  9 endoplasms
  3 giant cockroaches
  2 goblins
  2 hobgoblins
  8 jackals
  6 kobolds
  2 quokkas (D:3)
  3 bats
  4 rats
52 creatures vanquished.

Notes
Turn   | Place    | Note
-------+----------+-------------------------------------------
     0 | D:1      | qw the Deep Elf Hunter began the quest for the Orb.
     0 | D:1      | Reached XP level 1. HP: 12/12 MP: 3/3
     0 | D:1      | 0 ||| qw: Version: 0.3-a-160-g6735b56
     0 | D:1      | 0 ||| qw: Game counter: 5437
     0 | D:1      | 0 ||| qw: Melee chars always use a shield: true
     0 | D:1      | 0 ||| qw: God list: Okawaru
     0 | D:1      | 0 ||| qw: Allow faded altars: false
     0 | D:1      | 0 ||| qw: Do Orc after clearing Dungeon:15 true
     0 | D:1      | 0 ||| qw: Do second Lair branch before Depths: true
     0 | D:1      | 0 ||| qw: Lair rune preference: random
     0 | D:1      | 0 ||| qw: Goals: Normal
     0 | D:1      | 0 ||| PLANNING D:1-11
   147 | D:1      | Found Yvenon's Magic Scroll Shoppe.
   159 | D:1      | 159 ||| SHOPLISTING scroll of enchant armour (82 gold, have
                  | 46).
   159 | D:1      | 159 ||| BUYING scroll of identify (22 gold).
   159 | D:1      | Bought a scroll of identify for 22 gold pieces
   159 | D:1      | 159 ||| BUYING scroll of identify (22 gold).
   159 | D:1      | Bought a scroll of identify for 22 gold pieces
   162 | D:1      | Reached skill level 6 in Ranged Weapons
   162 | D:1      | Reached XP level 2. HP: 16/16 MP: 4/4
   471 | D:1      | 471 ||| UPGRADING to +0 scale mail.
   481 | D:1      | 481 ||| DROPPING +0 leather armour.
   482 | D:1      | 482 ||| UPGRADING to +0 ring mail.
   492 | D:1      | 492 ||| DROPPING +0 scale mail.
   493 | D:1      | 493 ||| READING 7 scrolls of identify.
   493 | D:1      | 493 ||| IDENTIFYING fizzy brown potion
   494 | D:1      | 494 ||| READING 6 scrolls of identify.
   494 | D:1      | 494 ||| IDENTIFYING 2 cyan potions
   495 | D:1      | 495 ||| READING 5 scrolls of identify.
   495 | D:1      | 495 ||| IDENTIFYING scroll labelled TOENIODYKO
   496 | D:1      | 496 ||| READING 4 scrolls of identify.
   496 | D:1      | 496 ||| IDENTIFYING scroll labelled SAOFIS KUQAR
   497 | D:1      | 497 ||| DROPPING scroll of butterflies.
   498 | D:1      | 498 ||| DROPPING scroll of noise.
   668 | D:2      | Reached XP level 3. HP: 20/20 MP: 5/5
   692 | D:2      | Identified the +2 pair of boots of the Six Demons {Fly
                  | rPois rN+ Dex-2}
  1023 | D:2      | 1023 ||| UPGRADING to +0 pair of boots.
  1028 | D:2      | 1028 ||| UPGRADING to +2 pair of boots of the Six Demons
                  | {Fly rPois rN+ Dex-2}.
  1038 | D:2      | 1038 ||| UPGRADING to ring of protection from cold.
  1039 | D:2      | 1039 ||| DROPPING ring of wizardry.
  1040 | D:2      | 1040 ||| READING 3 scrolls of identify.
  1040 | D:2      | 1040 ||| IDENTIFYING scroll labelled AKEPYX CITWUO
  1041 | D:2      | 1041 ||| READING 2 scrolls of identify.
  1041 | D:2      | 1041 ||| IDENTIFYING scroll labelled PYPTEITYUGG
  1042 | D:2      | 1042 ||| READING scroll of identify.
  1042 | D:2      | 1042 ||| IDENTIFYING scroll labelled MATUWU SEPT
  1043 | D:2      | 1043 ||| READING scroll of enchant armour.
  1043 | D:2      | 1043 ||| ENCHANTING +0 ring mail.
  1044 | D:2      | 1044 ||| DROPPING scroll of torment.
  1045 | D:2      | 1045 ||| DROPPING scroll of silence.
  1119 | D:3      | Reached skill level 7 in Ranged Weapons
  1303 | D:3      | HP: 3/20 [orc/+0 falchion (4)]
  1304 | D:3      | 1304 ||| READING 2 scrolls of teleportation.
  1305 | D:3      | 1305 ||| DRINKING 2 potions of heal wounds.
  1308 | D:3      | 1308 ||| DRINKING potion of heal wounds.
  1349 | D:3      | Identified the +6 dagger of Division {venom, *Noise Fly
                  | rElec Str+8}
  1373 | D:3      | Reached XP level 4. HP: 20/25 MP: 6/6
  1464 | D:3      | Noticed Ijyb
  1468 | D:3      | 1468 ||| DRINKING 2 potions of curing.
  1468 | D:3      | 1468 ||| (to cure confusion)
  1471 | D:3      | 1471 ||| DRINKING potion of curing.
  1471 | D:3      | 1471 ||| (to cure confusion)
  1629 | D:3      | HP: 6/25 [Ijyb/+0 club (2)]
  1630 | D:3      | 1630 ||| DRINKING potion of heal wounds.
  1674 | D:3      | HP: 6/25 [Ijyb/+0 club (1)]
  1679 | D:3      | HP: 5/25 [Ijyb/+0 club (2)]
  1680 | D:3      | HP: 2/25 [Ijyb/+0 club (3)]
  1683 | D:3      | 1683 ||| READING scroll of teleportation.
  1684 | D:3      | Slain by Ijyb

Levels and vault maps discovered:
D:1:      dpeg_arrival_tiny_c, layout_rooms, serial_shops, shop,
          chequers_serial_rivers_large_b
D:2:      layout_rooms
D:3:      layout_loops_ring, serial_aquarium, aquarium_bridge_square
          [aquarium_subvault_balcony, aquarium_subvault_bridge,
          aquarium_subvault_wall, aquarium_subvault_wall],
          aquarium_bridge_square [aquarium_subvault_wall,
          aquarium_subvault_window, aquarium_subvault_balcony,
          aquarium_subvault_bridge], aquarium_window_2, aquarium_window_fake,
          aquarium_window_1, aquarium_window_corridor_1, aquarium_view_2b,
          aquarium_pool_side, uniq_ijyb

Skill      XL: |  1  2  3 |
---------------+----------+-----
Ranged Weapons | 6 7 |  7.5
Fighting       | |  1.5
Dodging        | |  2.4
Stealth        | |  1.2

Action                     |  1- 3 |  4- 6 || total
---------------------------+-------+-------++-------
   Fire: Shortbow          |   152 |    52 ||   204
    Use: Scroll            |     9 |     1 ||    10
         Potion            |     2 |     3 ||     5
 Armour: Leather armour    |     6 |       ||     6
         Ring mail         |    90 |   101 ||   191
  Dodge: Dodged            |    83 |    64 ||   147

Table legend:
 A = Non-vault XP
 B = Vault XP
 C = Vault XP percentage of total XP
 D = Non-vault monster count
 E = Vault monster count
 F = Vault count percentage of total count
                 A         B        C        D         E       F
            +---------+---------+-------+---------+---------+-------
      Total |     107 |       0 |   0.0 |      52 |       0 |   0.0
            +---------+---------+-------+---------+---------+-------
        D:1 |      35 |       0 |   0.0 |      17 |       0 |   0.0
        D:2 |      24 |       0 |   0.0 |      15 |       0 |   0.0
        D:3 |      48 |       0 |   0.0 |      20 |       0 |   0.0
            +---------+---------+-------+---------+---------+-------
